 Seeded DCSS version 0.30-a0-743-gbfdf073431 (webtiles) character file.

Game seed: 5430720872467839093 (custom seed)

21587 purpskrrrp the Skirmisher (level 13, -2/109 HPs)
             Began as a Human Hunter on Feb 7, 2023.
             Was an Initiate of Gozag.
             Succumbed to Nessos's poison
             ... in a Gauntlet.
             The game lasted 00:28:55 (11213 turns).

purpskrrrp the Skirmisher (Human Hunter)           Turns: 11213, Time: 00:28:56

Health: -2/109     AC: 18    Str: 16    XL:     13   Next: 21%
Magic:  13/13      EV: 12    Int: 16    God:    Gozag
Gold:   2311       SH:  0    Dex: 24    Spells: 12/12 levels left

rFire   + . .      SeeInvis .    a - +3 shortbow (heavy)
rCold   x . .      Faith    +    (shield currently unavailable)
rNeg    . . .      Spirit   .    K - +0 shadow dragon scales
rPois   .          Reflect  .    Q - +0 hat
rElec   .          Harm     .    (no cloak)
rCorr   .          Rampage  .    N - +0 pair of gloves of the Equator {Int+5}
Will    .....      NoTele   +    V - +2 pair of boots {rF+}
Stlth   +++++++                  m - amulet of the Messenger {Faith Fly Regen+ Str+3 Int-2}
HPRegen 1.18/turn                L - +4 ring of slaying
MPRegen 0.13/turn                k - ring "Ruefuibb" {Str+2 Int+3 Dex+2 Slay+4}

@: lethally poisoned (-2 -> -26), flying, studying Fighting
A: antennae 1, camouflage 1, no potion heal 1, cold vulnerability 1
a: Renounce Religion, Potion Petition, Call Merchant, Bribe Branch


You were in a Gauntlet.
You worshipped Gozag.
Gozag was most pleased with you.
You visited 2 branches of the dungeon, and saw 14 of its levels.
You also visited: Gauntlet.

You collected 4132 gold pieces.
You spent 1320 gold pieces at shops.
You paid 501 gold pieces to Gozag.

Inventory:

Hand Weapons
 a - a +3 heavy shortbow (weapon)
Armour
 K - +0 shadow dragon scales (worn)
 N - the +0 pair of gloves of the Equator (worn) {Int+5}
   (You bought it in a shop on level 7 of the Dungeon)

   Int:       It affects your intelligence (+5).
 Q - a +0 hat (worn)
 V - a +2 pair of boots of fire resistance (worn)
Jewellery
 c - an amulet of reflection
 i - an amulet of the acrobat
 k - the ring "Ruefuibb" (right hand) {Str+2 Int+3 Dex+2 Slay+4}
   (You acquired it on level 2 of the Dungeon)

   [ring of slaying]

   Str:       It affects your strength (+2).
   Int:       It affects your intelligence (+3).
   Dex:       It affects your dexterity (+2).
   Slay:      It affects your accuracy & damage with ranged weapons and melee
   (+4).
 l - a +6 ring of strength
 m - the amulet of the Messenger (around neck) {Faith Fly Regen+ Str+3 Int-2}
   (You acquired it on level 2 of the Dungeon)

   [amulet of faith]

   It allows you to gain divine favour quickly.
   Str:       It affects your strength (+3).
   Int:       It affects your intelligence (-2).
   Fly:       It grants you flight.
   Regen:     It increases your rate of health regeneration.
 x - a ring of wizardry
 I - a ring of poison resistance
 L - a +4 ring of slaying (left hand)
 X - a +4 ring of slaying
Wands
 p - a wand of polymorph (16)
 t - a wand of mindburst (21)
 z - a wand of roots (5)
 D - a wand of quicksilver (2)
 F - a wand of flame (19)
 P - a wand of digging (9)
 R - a wand of paralysis (9)
Scrolls
 d - a scroll of poison
 e - 7 scrolls of enchant armour
 g - 4 scrolls of amnesia
 o - 2 scrolls of magic mapping
 q - 4 scrolls of immolation
 r - a scroll of silence {unknown}
 y - 2 scrolls of teleportation
 A - a scroll of butterflies {unknown}
 M - a scroll of fear
Potions
 b - 2 potions of brilliance
 f - 3 potions of attraction
 h - 3 potions of degeneration
 j - 2 potions of flight
 n - 3 potions of resistance
 s - a potion of magic
 u - 4 potions of lignification
 v - 4 potions of berserk rage
 w - a potion of ambrosia
 C - 4 potions of curing
 E - a potion of haste {unknown}
 H - a potion of might {unknown}
 J - a potion of invisibility {unknown}
 O - a potion of heal wounds
Miscellaneous
 B - a condenser vane


   Skills:
 + Level 12.4 Fighting
 * Level 13.3 Ranged Weapons
 + Level 6.2 Armour
 + Level 9.3 Dodging
 + Level 10.0 Stealth
 + Level 2.4 Evocations


You had 12 spell levels left.
You didn't know any spells.
Your spell library contained the following spells:

 Spells                   Type           Power      Damage    Failure   Level
 Kiss of Death            Conj/Necr      0%         2d5       98%         1
 Slow                     Hex            0%         N/A       98%         1
 Sting                    Tmut/Pois      0%         1d3       98%         1
 Blink                    Tloc           0%         N/A       99%         2
 Cigotuvi's Dreadful Rot  Necr/Pois/Air  0%         N/A       99%         2
 Poisonous Vapours        Pois/Air       0%         N/A       99%         2
 Static Discharge         Conj/Air       0%         2-2/arc   99%         2
 Confusing Touch          Hex            0%         N/A       100%        3
 Inner Flame              Hex/Fire       0%         N/A       100%        3
 Vampiric Draining        Necr           0%         2d6       100%        3
 Vhi's Electric Charge    Tloc/Air       0%         N/A       100%        3
 Dispel Undead            Necr           0%         3d6       100%        4
 Flame Wave               Conj/Fire      0%         2d4       100%        4
 Manifold Assault         Tloc           0%         N/A       100%        4
 Olgreb's Toxic Radiance  Pois           0%         N/A       100%        4
 Sticky Flame             Conj/Fire      0%         2d3       100%        4
 Arcjolt                  Conj/Air       0%         1d10      100%        5
 Lightning Bolt           Conj/Air       0%         1d11      100%        5
 Death Channel            Necr           0%         N/A       100%        6
 Storm Form               Tmut/Air       0%         N/A       100%        7


Dungeon Overview and Level Annotations

Branches:
Dungeon (13/15)            Temple (1/1) D:4            Lair (0/5) D:11
    Orc (0/2) D:11        Gauntlet (1/1)
 Vaults: D:13-14

Altars:
Ashenzari
Cheibriados
Dithmenos
Elyvilon
Fedhas
Gozag
Hepliaklqana
Kikubaaqudgha
Makhleb
Nemelex Xobeh
Okawaru
Qazlal
Ru
Sif Muna
Trog
Uskayaw
Vehumet
Wu Jian
Xom
Yredelemnul
Zin
The Shining One

Shops:
D:2 ?   D:7 *   D:9 *

Annotations:
D:13 Nessos, Snorg


Innate Abilities, Weirdness & Mutations

You have a pair of small antennae on your head.
Your skin changes colour to match your surroundings (Stealth+).
Potions are less effective at restoring your health.
You are vulnerable to cold. (rC-)


Message History

Nessos shoots an arrow.
The arrow closely misses you.
The arrow hits Snorg!
The arrow burns Snorg.
Snorg is poisoned.
Snorg barely misses you. Snorg claws you! Snorg closely misses you.
You hear a shout!
You feel very sick.
Nessos intently looks at you, slowly moving their tail.
Nessos shoots an arrow.
The arrow hits you! The arrow burns you.
You are more poisoned.
Snorg goes berserk!
You feel extremely sick.
Nessos casts a spell.
Nessos blinks!
Nessos casts a spell.
Nessos blinks!
Snorg rages.
The deep elf pyromancer gestures at you while chanting.
The bolt of fire hits you! You resist.
* * * LOW HITPOINT WARNING * * *
Nessos shoots an arrow.
The arrow hits you.
* * * LOW HITPOINT WARNING * * *
The arrow burns you.
You are lethally poisoned!
* * * LOW HITPOINT WARNING * * *
There is a gate leading to a gauntlet here.
Beware, the minotaur awaits!
* * * LOW HITPOINT WARNING * * *
You feel extremely sick.
Nessos gestures wildly while chanting.
Nessos blinks!
Snorg rages.
Nessos shoots an arrow.
The arrow hits you but does no damage. Snorg bites you!
* * * LOW HITPOINT WARNING * * *
Snorg claws you.
* * * LOW HITPOINT WARNING * * *
Snorg claws you but does no damage.
The world spins around you as you enter the gateway.
You enter a gauntlet!
The nature of this place prevents you from teleporting.
You die...
Your body crumbles into a pile of gold.

##### #≈∩≈#
#...# #.@.#
...............
.......©.......
#.###########.#
#.#.........#.#$
#.#.#.....#.#.#
#.#.##...##.#.#
#.# ##.## #.#


There were no monsters in sight!

Vanquished Creatures
  A hydra (D:13)
  A boulder beetle (D:12)
  5 two-headed ogres
  An ugly thing (D:11)
  2 cyclopes
  2 manticores
  The ghost of Iich the Chopper, a novice MiFi (D:4)
  Joseph (D:8)
  A gargoyle (D:11)
  Psyche (D:8)
  A komodo dragon (D:11)
  3 trolls
  A hornet (D:8)
  2 slime creatures (D:12)
  A wraith (D:9)
  2 shadows
  A wyvern (D:8)
  A water elemental (D:11)
  36 yaks
  4 vampire mosquitoes (D:13)
  2 acid dragons
  3 water moccasins
  Duvessa (D:5)
  2 ice beasts
  10 orc warriors
  A sky beast (D:7)
  9 centaurs
  An ogre (D:7)
  2 kobold brigands
  Blork the orc (D:4)
  6 bullfrogs
  5 gnoll sergeants
  3 scorpions
  4 necrophages
  Dowan (D:5)
  5 wights
  5 howler monkeys
  10 electric eels
  A crimson imp (D:7)
  A gnoll bouda (D:6)
  11 orc priests
  3 hounds (D:6)
  A jelly (D:6)
  3 iguanas
  17 orc wizards
  36 gnolls
  12 adders
  A shadow imp (D:6)
  6 white imps
  An ufetubus (D:5)
  3 worms (D:4)
  A dart slug (D:4)
  47 orcs
  3 bats
  8 endoplasms
  3 giant cockroaches
  7 hobgoblins
  7 jackals
  12 kobolds
  5 quokkas
  8 ball pythons
  2 frilled lizards
  4 goblins
  3 rats
345 creatures vanquished.

Vanquished Creatures (others)
  A wizard (D:8)
  A gnoll sergeant (D:6)
  An orc (D:7)
3 creatures vanquished.

Grand Total: 348 creatures vanquished

Notes
Turn   | Place    | Note
-------+----------+-------------------------------------------
     0 | D:1      | purpskrrrp the Human Hunter began the quest for the Orb.
     0 | D:1      | Reached XP level 1. HP: 16/16 MP: 1/1
    58 | D:1      | Reached XP level 2. HP: 21/22 MP: 2/2
   504 | D:1      | Reached XP level 3. HP: 27/27 MP: 3/3
   893 | D:2      | Reached XP level 4. HP: 17/34 MP: 4/4
  1246 | D:2      | Found Doddoiw's Magic Scroll Shoppe.
  1341 | D:2      | Noticed a necrophage
  1352 | D:2      | Killed a necrophage
  1353 | D:2      | Reached skill level 5 in Ranged Weapons
  1353 | D:2      | Reached XP level 5. HP: 5/40 MP: 5/5
  1827 | D:2      | Identified 4 scrolls of acquirement
  1827 | D:2      | Acquired the ring "Ruefuibb" {Str+2 Int+3 Dex+2 Slay+4}
  1829 | D:2      | Acquired the amulet of the Messenger {Faith Fly Regen+
                  | Str+3 Int-2}
  1836 | D:2      | Acquired 404 gold pieces
  1837 | D:2      | Acquired 996 gold pieces
  1850 | D:2      | Bought a scroll of identify for 28 gold pieces
  1850 | D:2      | Bought a scroll of enchant armour for 105 gold pieces
  1850 | D:2      | Bought a scroll of enchant armour for 105 gold pieces
  1850 | D:2      | Bought a scroll of identify for 28 gold pieces
  1850 | D:2      | Bought a scroll of fear for 56 gold pieces
  1850 | D:2      | Bought a scroll of blinking for 105 gold pieces
  1852 | D:2      | Gained mutation: You are vulnerable to cold. (rC-) [potion
                  | of mutation]
  1852 | D:2      | Gained mutation: Your skin changes colour to match your
                  | surroundings (Stealth+). [potion of mutation]
  1852 | D:2      | Gained mutation: Potions are less effective at restoring
                  | your health. [potion of mutation]
  1852 | D:2      | Gained mutation: You have a pair of small antennae on your
                  | head. [potion of mutation]
  2107 | D:3      | Found a faded altar of an unknown god.
  2241 | D:3      | Reached XP level 6. HP: 47/47 MP: 6/6
  2303 | D:3      | Found an iron altar of Okawaru.
  2422 | D:3      | Identified the +3 short sword of the Manifold Quests
                  | {flame, rElec Int+5}
  2505 | D:3      | Identified the +2 robe of Binutifa {rPois Dex+5}
  2903 | D:4      | Reached XP level 7. HP: 48/52 MP: 7/7
  3011 | D:4      | Reached skill level 6 in Ranged Weapons
  3038 | D:4      | Found a runed translucent door.
  3039 | D:4      | Found a staircase to the Ecumenical Temple.
  3044 | D:4      | Noticed Iich's ghost (novice MiFi)
  3324 | D:4      | Noticed Blork the orc
  3329 | D:4      | Killed Blork the orc
  3565 | D:4      | Killed Iich's ghost
  3566 | D:4      | Reached skill level 5 in Fighting
  3566 | D:4      | Reached skill level 7 in Ranged Weapons
  3566 | D:4      | Reached XP level 8. HP: 33/62 MP: 8/8
  3631 | Temple   | Entered the Ecumenical Temple
  3925 | D:5      | Entered Level 5 of the Dungeon
  3926 | D:5      | Noticed a two-headed ogre
  4057 | D:5      | Noticed Dowan
  4067 | D:5      | Killed Dowan
  4529 | D:5      | Noticed Duvessa
  4537 | D:5      | Killed Duvessa
  4660 | D:5      | Reached skill level 5 in Stealth
  4660 | D:5      | Reached XP level 9. HP: 67/69 MP: 9/9
  4896 | D:6      | Reached skill level 5 in Dodging
  4924 | D:6      | Reached skill level 8 in Ranged Weapons
  5035 | D:6      | Noticed a two-headed ogre
  5046 | D:6      | Killed a two-headed ogre
  5131 | D:6      | Found an opulent altar of Gozag.
  5144 | D:6      | Became a worshipper of Gozag Ym Sagoz the Greedy
  5153 | D:6      | Found a broken altar of Ashenzari.
  5244 | D:6      | Reached skill level 9 in Ranged Weapons
  5483 | D:6      | Reached XP level 10. HP: 76/79 MP: 10/10
  5504 | D:6      | Found a white marble altar of Elyvilon.
  5504 | D:6      | Found an ancient bone altar of Kikubaaqudgha.
  5511 | D:6      | Found a blossoming altar of Fedhas.
  5511 | D:6      | Found a burning altar of Makhleb.
  6648 | D:7      | Bought a pair of ichor-stained gloves for 294 gold pieces
  6648 | D:7      | Identified the +0 pair of gloves of the Equator {Int+5}
                  | (You bought it in a shop on level 7 of the Dungeon)
  6648 | D:7      | Bought a potion of heal wounds for 155 gold pieces
  6648 | D:7      | Bought a scroll of identify for 62 gold pieces
  6687 | D:8      | Reached skill level 10 in Ranged Weapons
  6698 | D:8      | Paralysed by a hornet for 1 turns
  6929 | D:8      | Noticed Psyche
  6940 | D:8      | Killed Psyche
  6941 | D:8      | Reached skill level 1 in Armour
  7039 | D:8      | Reached XP level 11. HP: 78/89 MP: 11/11
  7229 | D:8      | Noticed Joseph
  7235 | D:8      | Paralysed by Joseph for 5 turns
  7246 | D:8      | Killed Joseph
  7491 | D:8      | Found a bloodstained altar of Trog.
  7506 | D:8      | Noticed a wizard
  7507 | D:8      | Killed a wizard
  7741 | D:9      | Reached skill level 11 in Ranged Weapons
  7787 | D:9      | Noticed a manticore
  7790 | D:9      | Killed a manticore
  7791 | D:9      | Noticed a cyclops
  7798 | D:9      | Killed a cyclops
  7799 | D:9      | Reached skill level 10 in Fighting
  8365 | D:9      | Found a stormy altar of Qazlal.
  8622 | D:9      | Found Ysacrel's Fire Supplies.
  8632 | D:9      | Bought a +2 pair of boots of fire resistance for 322 gold
                  | pieces
  8632 | D:9      | Bought a scroll of immolation for 60 gold pieces
  8726 | D:10     | Entered Level 10 of the Dungeon
  8970 | D:10     | Noticed a two-headed ogre
  8976 | D:10     | Killed a two-headed ogre
  8977 | D:10     | Reached XP level 12. HP: 99/99 MP: 12/12
  9078 | D:10     | Noticed a two-headed ogre
  9081 | D:10     | Killed a two-headed ogre
  9082 | D:10     | Reached skill level 12 in Ranged Weapons
  9361 | D:11     | Reached skill level 5 in Armour
  9680 | D:11     | Found a staircase to the Lair.
  9995 | D:11     | Found a staircase to the Orcish Mines.
 10369 | D:12     | Noticed a two-headed ogre
 10376 | D:12     | Killed a two-headed ogre
 10452 | D:12     | Reached skill level 1 in Evocations
 10512 | D:12     | Noticed a boulder beetle
 10518 | D:12     | Killed a boulder beetle
 10519 | D:12     | Reached skill level 13 in Ranged Weapons
 10519 | D:12     | Reached XP level 13. HP: 98/108 MP: 13/13
 10996 | D:13     | Noticed a five-headed hydra
 10998 | D:13     | Noticed Nessos
 11004 | D:13     | Killed a five-headed hydra
 11005 | D:13     | Reached skill level 10 in Stealth
 11114 | D:13     | Found a gate leading to a gauntlet.
 11204 | D:13     | Noticed Snorg
 11212 | D:13     | HP: 5/109 [Snorg (12)]
 11213 | Gauntlet | Entered a Gauntlet
 11213 | Gauntlet | Found a transporter.
 11213 | Gauntlet | Succumbed to Nessos's poison

Illustrated notes

Levels and vault maps discovered:
D:1:      dpeg_arrival_boxes_within_box, layout_basic
D:2:      layout_loops_ring, serial_shops, shop, nicolae_kite_square_tiling_tiny
D:3:      layout_rooms, okawaru_metal_pillars_3, ebering_ecumenical_altar_rust
D:4:      layout_basic, minmay_temple_entry_overgrown, ebering_ghost_sewer_d,
          minmay_manual_monstrance, uniq_blork_the_orc
D:5:      layout_basic, uniq_duvessa
D:6:      layout_gridville, mainiacjoe_overflow_tiny_flanked,
          grunt_temple_overflow_open, cheibrodos_ashenzari_chains, minivault_5,
          minmay_pentangle
D:7:      layout_cave_pools, minmay_fire_ice_demons
D:8:      layout_basic, trog_wizard, chequers_serial_rivers_marsh, uniq_psyche,
          uniq_joseph
D:9:      minmay_ornate_pinched, layout_basic, general_overflow_altar,
          roderic_serpentine_path, nicolae_shop_fire_sale
          [nicolae_sub_dead_trees], minmay_crystal_water, grunt_ministairs_1
D:10:     layout_cave_pools, dk_noncrumbling_3
D:11:     layout_cave_pools, lair_entry_dummy, erik_orc_2
D:12:     layout_rooms, minivault_10
D:13:     layout_big_octagon, ximxim_vaults_locker_room, gauntlet_entry_generic,
          serial_shops, shop, kennysheep_doodads, uniq_snorg, uniq_nessos
Temple:   oiseaux_autumnal_temple
Gauntlet: gammafunk_gauntlet_one_two_three [gammafunk_gauntlet_arena_split_x,
          gammafunk_gauntlet_arena_spirals, nicolae_gauntlet_arena_x,
          gammafunk_gauntlet_arena_grid, gammafunk_gauntlet_arena_crates,
          gammafunk_gauntlet_arena_hedges, nicolae_gauntlet_arena_blocks,
          gammafunk_gauntlet_arena_split_diamond,
          nicolae_gauntlet_arena_quarters, gauntlet_exit_hidden_loot]

Skill      XL: |  1  2  3  4  5  6  7  8  9 10 11 12 13 |
---------------+----------------------------------------+-----
Stealth        | 2 3 4 5 6 7 8 9 10 | 10.0
Ranged Weapons | 5 7 9 10 11 13 | 13.3
Dodging        | 3 4 6 7 8 9 |  9.3
Fighting       | 3 5 7 9 10 12 | 12.4
Armour         | 2 4 5 6 |  6.2
Evocations     | 1 2 |  2.4

Action                     |  1- 3 |  4- 6 |  7- 9 | 10-12 | 13-15 || total
---------------------------+-------+-------+-------+-------+-------++-------
   Fire: Shortbow          |    63 |   106 |   192 |   529 |    45 ||   935
  Throw: Throwing net      |       |       |       |     1 |       ||     1
 Invoke: Call Merchant     |       |       |       |     1 |       ||     1
    Use: Scroll            |     5 |     7 |    10 |    11 |     4 ||    37
         Potion            |       |     3 |     1 |       |     1 ||     5
 Armour: Leather armour    |     4 |     7 |       |       |       ||    11
         Robe              |       |     1 |     6 |       |       ||     7
         Shadow dragon sca |       |       |    16 |   132 |    27 ||   175
  Dodge: Dodged            |     7 |    31 |    53 |   149 |    30 ||   270

Table legend: (Time is in decaauts)
 A = Elapsed time spent in this place.
 B = Non-inter-level travel time spent in this place.
 C = Inter-level travel time spent in this place.
 D = Time resting spent in this place.
 E = Time spent auto-exploring this place.
 F = Levels seen in this place.
 G = Mean time per level.
                   A        B        C        D        E       F      G
               +--------+--------+--------+--------+--------+-----+--------+
         Total |  11574 |  10804 |    770 |   1099 |   7407 |  15 |  771.6 |
       Dungeon |  11324 |  10595 |    729 |   1099 |   7211 |  13 |  871.1 |
        Temple |    249 |    208 |     41 |      0 |    196 |   1 |  249.0 |
      Gauntlet |      0 |      0 |      0 |      0 |      0 |   1 |    0.0 |
               +--------+--------+--------+--------+--------+-----+--------+

Top non-repeatable levels by time:
     D:4: 1248 daAuts
     D:2: 1104 daAuts
     D:8: 1086 daAuts
    D:11: 1063 daAuts
     D:9: 1046 daAuts
     D:6: 1045 daAuts
     D:1: 997 daAuts
    D:12: 889 daAuts
     D:7: 828 daAuts
     D:3: 662 daAuts
     D:5: 649 daAuts
    D:10: 634 daAuts
  Temple: 249 daAuts
    D:13: 67 daAuts
